 Dungeon Crawl Stone Soup version 0.27.0-1-g7a089689b8 (webtiles) character file.

Game seed: 8143754526641626884

56 spiderkeys the Sneak (level 3, -5/16 HPs)
             Began as a Spriggan Enchanter on Aug 6, 2021.
             Killed from afar by a dart slug (6 damage)
             ... with a slug dart
             ... on level 3 of the Dungeon.
             The game lasted 00:02:27 (2216 turns).

spiderkeys the Sneak (Spriggan Enchanter)           Turns: 2216, Time: 00:02:28

Health: -5/16      AC:  2    Str:  4    XL:     3   Next: 71%
Magic:  8/8        EV: 18    Int: 16    God:
Gold:   103        SH:  0    Dex: 16    Spells: 5/8 levels left

rFire    . . .     SeeInvis +   h - +0 dagger (venom)
rCold    . . .     Faith    .   (shield restricted)
rNeg     . . .     Spirit   .   b - +0 robe
rPois    .         Reflect  .   (helmet restricted)
rElec    .         Harm     .   (no cloak)
rCorr    .         Rampage  .   (gloves unavailable)
Will     .....                  (boots unavailable)
Stlth    +++.......             (no amulet)
HPRegen  0.05/turn              (no ring)
MPRegen  0.11/turn              (no ring)

@: very quick
A: very small, no large weapons, unfitting armour, see invisible, speed 3
a: no special abilities


You were on level 3 of the Dungeon.
You visited 1 branch of the dungeon, and saw 3 of its levels.

You collected 173 gold pieces.
You spent 70 gold pieces at shops.


Innate Abilities, Weirdness & Mutations

You are very small and have problems with some larger weapons.
You are too small for most types of armour.
You have supernaturally acute eyesight. (SInv)
You cover ground extremely quickly. (Speed+++)


   Skills:
 + Level 2.0 Short Blades
 + Level 3.4 Dodging
 + Level 5.1 Stealth
 + Level 3.2 Spellcasting
 + Level 4.1 Hexes


You had 5 spell levels left.
You knew the following spells:

 Your Spells              Type           Power      Damage    Failure   Level
c - Corona                Hex            16%        N/A       3%          1
e - Ensorcelled Hibernat  Hex/Ice        18%        N/A       12%         2

Your spell library contained the following spells:

 Spells                   Type           Power      Damage    Failure   Level
 Confusing Touch          Hex            15%        N/A       10%         3
 Tukima's Dance           Hex            15%        N/A       10%         3
 Dazzling Flash           Conj/Hex       18%        N/A       24%         3

Inventory:

Hand Weapons
 a - a +1 dagger
 h - a +0 dagger of venom (weapon)
   (You took it off a kobold on level 1 of the Dungeon)
Missiles
 e - 98 stones
 f - 39 sling bullets
 i - 29 arrows
Armour
 b - a +0 robe (worn)
Jewellery
 C - a ring of ice
   (You found it on level 1 of the Dungeon)
Scrolls
 c - a scroll of brand weapon {unknown}
 j - a scroll of amnesia {unknown}
 k - a scroll of noise {unknown}
 l - 3 scrolls of blinking {unknown}
 o - a scroll of teleportation {unknown}
Potions
 d - a potion of mutation {unknown}
 g - a potion of heal wounds {@q2}
 m - a potion of haste {unknown}
 n - a potion of ambrosia {unknown}

Dungeon Overview and Level Annotations

Branches:
Dungeon (3/15)

Altars:

Shops:
D:1

! ##w≈≈≈ ≈≈≈.##
.#≈#≈≈≈#≈≈≈ww#.
#≈≈≈≈≈≈.(≈≈≈≈≈..
.≈≈≈≈≈...≈≈≈≈≈.#
≈≈≈≈≈≈≈).≈≈≈≈≈≈#
≈≈≈≈≈≈≈.≈≈≈#≈≈≈≈#
≈≈≈≈≈≈...≈≈≈≈≈#≈#
#≈≈#≈≈.@.≈≈≈≈≈≈w.
≈≈≈≈≈≈...≈≈≈K≈≈≈.
≈≈≈≈≈≈≈.≈≈≈≈≈≈≈≈.
≈#≈≈≈≈#⌠≈≈≈≈≈≈#..
w≈w≈≈≈..≈.≈≈≈≈w.#
#≈≈#≈≈.⌠.≈≈≈#≈#.#
##≈≈#≈≈≈≈≈≈≈w##
##.≈#≈≈≈≈≈.##
#.####w≈≈##.#


You could see 7 dart slugs and a kobold.


Message History

A kobold is nearby!
A kobold is nearby!
The kobold shouts!
You see here 23 stones.
The kobold misses you.
You hit the kobold but do no damage.
The kobold is poisoned.
You kill the kobold!
No target in view!
No target in view!
No target in view!
e - 98 stones (gained 23)
There is a stone staircase leading up here.
You see here a +0 long sword.
Key pressed, stopping explore.
Found a stone staircase leading down.
Key pressed, stopping explore.
i - 29 arrows (gained 13)
You now have 71 gold pieces (gained 10).
Things that are here:
a +0 short sword; an adder skeleton
n - a pink potion
Found a stone staircase leading down.
There is a stone staircase leading down here.
There is a stone staircase leading down here.
There is a stone staircase leading down here.
A bat comes into view.
You hit the bat but do no damage.
The bat is poisoned.
The bat hits you but does no damage. The bat completely misses you.
You hit the bat.
The bat looks as sick as possible!
You kill the bat!
No target in view!
No target in view!
You now have 75 gold pieces (gained 4).
l - 3 scrolls labelled CYVUT HAS DEH (gained 1)
f - 39 sling bullets (gained 24) Key pressed, stopping explore.
Key pressed, stopping explore.
Key pressed, stopping explore.
You open the door.
Done exploring.
Done exploring.
Done exploring.
Done exploring.
Done exploring.
Okay, then.
Done exploring.
Done exploring.
There is a stone staircase leading down here.
You climb downwards. 7 dart slugs come into view.
There is a stone staircase leading up here.
There are monsters nearby! 2 dart slugs come into view.
You see here a scroll labelled YDUISTR TUUSURE.
o - a scroll labelled YDUISTR TUUSURE A kobold comes into view.
It is wielding a +0 club.
You see here 15 gold pieces.
You now have 90 gold pieces (gained 15).
You enter the shallow water.
Moving in this stuff is going to be slow.
The dart slug launches a dart at you. The slug dart misses you.
You see here 13 gold pieces.
You now have 103 gold pieces (gained 13).
The dart slug launches a dart at you. The slug dart hits you. 😕 HP[-1]
You take 1 damage, and now have 15/16 hp.
The dart slug launches a dart at you. The slug dart hits you.
The dart slug launches a dart at you. The slug dart misses you.
The dart slug launches a dart at you. The slug dart hits you. 😮 HP[-6]
You take 6 damage, and now have 9/16 hp.
MASSIVE DAMAGE!! (PAUSE)
You enter the shallow water.
Moving in this stuff is going to be slow.
There is a fountain of clear blue water here. 😮 HP[+1]
The dart slug launches a dart at you. The slug dart hits you.
* * * LOW HITPOINT WARNING * * *
😨 HP[-3]
You take 3 damage, and now have 7/16 hp.
The dart slug launches a dart at you. The slug dart hits you.
* * * LOW HITPOINT WARNING * * *
There is a stone staircase leading up here. 😱 HP[-4]
You take 4 damage, and now have 3/16 hp.
MASSIVE DAMAGE!! (PAUSE)
The dart slug launches a dart at you. The slug dart hits you.
* * * LOW HITPOINT WARNING * * *
The dart slug launches a dart at you. The slug dart hits you.
You die...

Skill      XL: |  1  2  3 |
---------------+----------+-----
Dodging        | 3 |  3.4
Spellcasting   | 3 |  3.2
Hexes          | 4 |  4.1
Stealth        | 5 |  5.1
Short Blades   | 2 |  2.0

Action                   || total
-------------------------++-------
Melee: Dagger            ||    72
 Cast: Ensorcelled Hiber ||     1
  Use: Potion            ||     1
 Stab: Sleeping          ||    15
Armor: Robe              ||     2
Dodge: Dodged            ||    56

Levels and vault maps discovered:
D:1:      minmay_arrival_split_and_join, layout_basic, serial_shops,
          nicolae_shop_crystal
D:2:      layout_basic, ebering_ecumenical_altar_sacrificial,
          chequers_serial_rivers_room_b
D:3:      kennysheep_slugbush, layout_basic, mainiacjoe_overflow_catch_the_wave,
          serial_shops, nicolae_square_shop, uniq_grinder

Notes
Turn   | Place    | Note
-------+----------+-------------------------------------------
     0 | D:1      | spiderkeys the Spriggan Enchanter began the quest for the
                  | Orb.
     0 | D:1      | Reached XP level 1. HP: 9/9 MP: 5/5
     0 | D:1      | magus.rc [v1.9.10]
   355 | D:1      | Reached skill level 3 in Dodging
   355 | D:1      | Reached skill level 3 in Spellcasting
   355 | D:1      | Reached XP level 2. HP: 13/13 MP: 7/7
   363 | D:1      | Learned a level 2 spell: Ensorcelled Hibernation
   395 | D:1      | HP: 3/13 [quokka (2)]
  1088 | D:1      | Found Sygettef's Distillery.
  1097 | D:1      | Bought a potion of heal wounds for 70 gold pieces
  1461 | D:2      | Reached skill level 4 in Hexes
  1510 | D:2      | Reached XP level 3. HP: 16/16 MP: 8/8
  1513 | D:2      | Found a faded altar of an unknown god.
  1534 | D:2      | Reached skill level 5 in Stealth
  1597 | D:2      | HP: 4/16 [poisoned by an adder]
  1602 | D:2      | Reached skill level 2 in Short Blades
  1605 | D:2      | HP: 4/16 [poisoned by an adder]
  2215 | D:3      | HP: 3/16 [dart slug/slug dart (4)]
  2216 | D:3      | HP: 1/16 [dart slug/slug dart (2)]
  2216 | D:3      | Killed from afar by a dart slug

Vanquished Creatures
  A gnoll (D:1)
  2 adders (D:2)
  A dart slug (D:2)
  A giant cockroach (D:1)
  3 goblins (D:1)
  2 hobgoblins
  3 quokkas
  3 ball pythons (D:1)
  4 bats
  A frilled lizard (D:1)
  6 kobolds
27 creatures vanquished.

Table legend:
 A = Non-vault XP
 B = Vault XP
 C = Vault XP percentage of total XP
 D = Non-vault monster count
 E = Vault monster count
 F = Vault count percentage of total count
                 A         B        C        D         E       F
            +---------+---------+-------+---------+---------+-------
      Total |      81 |       0 |   0.0 |      27 |       0 |   0.0
            +---------+---------+-------+---------+---------+-------
        D:1 |      37 |       0 |   0.0 |      16 |       0 |   0.0
        D:2 |      44 |       0 |   0.0 |      11 |       0 |   0.0
            +---------+---------+-------+---------+---------+-------

Illustrated notes

Table legend:
 A = Kills in this place as a percentage of kills in entire the game.
 B = Kills by you in this place as a percentage of kills by you in the entire game.
 C = Kills by friends in this place as a percentage of kills by friends in the entire game.
 D = Other kills in this place as a percentage of other kills in the entire game.
 E = Experience gained in this place as a percentage of experience gained in the entire game.
 F = Experience gained in this place divided by the number of levels of this place that you have seen.
                   A       B       C       D       E      F
               +-------+-------+-------+-------+-------+----------------------
         Total | 100.0 | 100.0 |   N/A |   N/A | 100.0 |  27.0
       Dungeon | 100.0 | 100.0 |   N/A |   N/A | 100.0 |  27.0
               +-------+-------+-------+-------+-------+----------------------

Table legend: (Time is in decaauts)
 A = Elapsed time spent in this place.
 B = Non-inter-level travel time spent in this place.
 C = Inter-level travel time spent in this place.
 D = Time resting spent in this place.
 E = Time spent auto-exploring this place.
 F = Levels seen in this place.
 G = Mean time per level.
                   A        B        C        D        E       F      G
               +--------+--------+--------+--------+--------+-----+--------+
         Total |   1707 |   1691 |     16 |      0 |   1515 |   3 |  569.0 |
       Dungeon |   1707 |   1691 |     16 |      0 |   1515 |   3 |  569.0 |
               +--------+--------+--------+--------+--------+-----+--------+

Top non-repeatable levels by time:
     D:1: 1114 daAuts
     D:2: 581 daAuts
     D:3: 11 daAuts
